General information
- name: BNet
- type: Ladder team game (AT/RT)
- host: Battle.net
- saver: FatJakeCampbell
map: Deadlands
- players: 8
- length: 36:06
- speed: Fast
- version: 1.26 W3XP
- replay type: Public
» download(233 KB)
Players
team 1 (winner)
Wet.Fart (
pink | 59 APM | 2136 actions | 36:05)
5 Priestess of the Moon
3 Searing Arrows
2 Trueshot Aura
2 Keeper of the Grove
1 Entangling Roots
1 Force of Nature
» actions
| Assign group hotkey | 33 | |
| Basic commands | 179 | |
| Build / train | 89 | |
| Enter build submenu | 29 | |
| Enter hero's abilities submenu | 7 | |
| Give item / drop item | 1 | |
| Remove unit from queue | 6 | |
| Right click | 604 | |
| Select / deselect | 315 | |
| Select group hotkey | 809 | |
| Use ability | 64 | |
2136 total
» units
| Wisp | 24 | |
| Archer | 18 | |
| Dryad | 8 | |
| Faerie Dragon | 2 | |
| Chimaera | 3 | |
55 total
» upgrades
| Strength of the Moon | 2 | |
| Improved Bows | 1 | |
| Moon Armor | 1 | |
| Strength of the Wild | 3 | |
| Abolish Magic | 1 | |
| Marksmanship | 1 | |
| Corrosive Breath | 1 | |
| Reinforced Hides | 1 | |
11 total
» buildings
| Altar of Elders | 1 | |
| Moon Well | 7 | |
| Ancient of War | 2 | |
| Hunter's Hall | 1 | |
| Tree of Ages | 1 | |
| Ancient Protector | 2 | |
| Tree of Life | 3 | |
| Ancient of Wind | 1 | |
| Ancient of Lore | 2 | |
| Ancient of Wonders | 1 | |
| Tree of Eternity | 1 | |
| Chimaera Roost | 3 | |
25 total
» build order
00:08 Altar of Elders
00:21 Moon Well
00:35 Ancient of War
01:37 Moon Well
02:00 Ancient of War
02:26 Moon Well
03:49 Hunter's Hall
04:37 Tree of Ages
04:55 Moon Well
06:05 Moon Well
06:34 Ancient Protector
06:38 Tree of Life
07:13 Ancient Protector
08:54 Ancient of Wind
09:37 Moon Well
10:27 Ancient of Lore
11:50 Ancient of Lore
12:28 Ancient of Wonders
12:30 Tree of Eternity
13:17 Moon Well
16:36 Tree of Life
18:58 Chimaera Roost
19:02 Chimaera Roost
19:59 Chimaera Roost
21:21 Tree of Life
» items
belle1019 (
blue | 49 APM | 1777 actions | 36:05)
4 Blademaster
1 Wind Walk
2 Critical Strike
1 Mirror Image
4 Tauren Chieftain
2 Endurance Aura
2 War Stomp
» actions
| Assign group hotkey | 12 | |
| Basic commands | 405 | |
| Build / train | 64 | |
| ESC pressed | 1 | |
| Enter build submenu | 15 | |
| Enter hero's abilities submenu | 9 | |
| Give item / drop item | 1 | |
| Right click | 478 | |
| Select / deselect | 137 | |
| Select group hotkey | 600 | |
| Use ability | 55 | |
1777 total
» units
| Peon | 16 | |
| Wind Rider | 10 | |
| Shaman | 8 | |
34 total
» upgrades
| Shaman Training | 2 | |
| Envenomed Spears | 1 | |
| Ranged Weapons | 3 | |
| Armor | 3 | |
| Reinforced Defenses | 1 | |
10 total
» buildings
| Altar of Storms | 1 | |
| Orc Burrow | 8 | |
| War Mill | 1 | |
| Voodoo Lounge | 1 | |
| Stronghold | 5 | |
| Fortress | 1 | |
| Beastiary | 2 | |
| Spirit Lodge | 1 | |
| Great Hall | 1 | |
| Watch Tower | 5 | |
26 total
» build order
00:17 Altar of Storms
00:22 Orc Burrow
00:56 War Mill
01:07 Voodoo Lounge
02:35 Stronghold
02:35 Stronghold
02:35 Stronghold
02:51 Orc Burrow
02:52 Orc Burrow
02:53 Orc Burrow
05:08 Fortress
05:13 Beastiary
05:16 Spirit Lodge
05:43 Beastiary
13:58 Great Hall
14:08 Watch Tower
14:09 Watch Tower
14:10 Watch Tower
14:11 Watch Tower
14:12 Watch Tower
14:26 Orc Burrow
14:26 Orc Burrow
18:20 Orc Burrow
18:20 Orc Burrow
» items
| Healing Salve | 2 | |
| Boots of Speed | 1 | |
| Orb of Lightning | 1 | |
4 total
JacobIsObese (
purple | 85 APM | 3051 actions | 36:05)
5 Death Knight
3 Unholy Aura
2 Death Coil
6 Crypt Lord
3 Carrion Beetles
3 Spiked Carapace
» actions
| Assign group hotkey | 56 | |
| Basic commands | 179 | |
| Build / train | 144 | |
| ESC pressed | 18 | |
| Enter build submenu | 45 | |
| Enter hero's abilities submenu | 11 | |
| Give item / drop item | 12 | |
| Right click | 1048 | |
| Select / deselect | 544 | |
| Select group hotkey | 740 | |
| Use ability | 253 | |
3051 total
» units
| Acolyte | 17 | |
| Ghoul | 4 | |
| Crypt Fiend | 13 | |
| Goblin Zeppelin | 1 | |
| Goblin Shredder | 5 | |
| Goblin Sapper | 4 | |
| Gargoyle | 4 | |
| Frost Wyrm | 1 | |
49 total
» upgrades
| Creature Attack | 3 | |
| Creature Carapace | 3 | |
| Burrow | 1 | |
| Web | 1 | |
| Unholy Armor | 3 | |
| Unholy Strength | 3 | |
| Cannibalize | 1 | |
| Ghoul Frenzy | 2 | |
| Stone Form | 2 | |
| Backpack | 1 | |
| Necromancer Training | 2 | |
| Banshee Training | 2 | |
| Skeletal Mastery | 1 | |
| Skeletal Longevity | 1 | |
| Freezing Breath | 1 | |
27 total
» buildings
| Crypt | 5 | |
| Graveyard | 1 | |
| Altar of Darkness | 1 | |
| Ziggurat | 27 | |
| Tomb of Relics | 2 | |
| Nerubian Tower | 4 | |
| Necropolis | 6 | |
| Spirit Tower | 23 | |
| Halls of the Dead | 2 | |
| Black Citadel | 3 | |
| Temple of the Damned | 2 | |
| Sacrificial Pit | 1 | |
| Boneyard | 1 | |
78 total
» build order
00:09 Crypt
00:14 Graveyard
00:42 Altar of Darkness
01:00 Ziggurat
01:40 Tomb of Relics
02:03 Ziggurat
03:29 Nerubian Tower
03:53 Ziggurat
04:33 Necropolis
05:41 Spirit Tower
06:17 Ziggurat
06:26 Ziggurat
07:16 Halls of the Dead
07:16 Halls of the Dead
08:05 Spirit Tower
08:05 Spirit Tower
08:10 Ziggurat
08:17 Ziggurat
09:14 Spirit Tower
09:14 Nerubian Tower
09:16 Ziggurat
10:23 Spirit Tower
14:57 Spirit Tower
15:58 Black Citadel
15:58 Black Citadel
15:59 Black Citadel
16:54 Ziggurat
16:55 Ziggurat
16:59 Ziggurat
17:37 Necropolis
18:08 Spirit Tower
18:08 Spirit Tower
18:09 Spirit Tower
18:13 Crypt
18:15 Crypt
18:17 Crypt
18:18 Crypt
19:28 Tomb of Relics
19:29 Ziggurat
19:31 Ziggurat
19:32 Ziggurat
19:33 Ziggurat
20:33 Spirit Tower
21:46 Necropolis
21:57 Ziggurat
21:58 Ziggurat
21:59 Ziggurat
22:02 Ziggurat
22:03 Ziggurat
22:04 Ziggurat
22:05 Ziggurat
22:09 Ziggurat
22:11 Ziggurat
22:11 Ziggurat
22:13 Ziggurat
22:15 Ziggurat
22:28 Necropolis
22:30 Necropolis
22:33 Necropolis
22:56 Nerubian Tower
22:57 Spirit Tower
22:57 Spirit Tower
22:58 Spirit Tower
22:58 Spirit Tower
23:10 Spirit Tower
23:11 Spirit Tower
23:11 Spirit Tower
23:12 Spirit Tower
23:12 Spirit Tower
24:34 Temple of the Damned
24:36 Temple of the Damned
28:11 Sacrificial Pit
29:22 Boneyard
» items
| Rod of Necromancy | 1 | |
| Boots of Speed | 1 | |
| Periapt of Vitality | 1 | |
| Staff of Teleportation | 1 | |
| Scroll of Town Portal | 4 | |
| Orb of Corruption | 2 | |
| Scroll of Healing | 1 | |
| Potion of Healing | 1 | |
12 total
FatJakeCampbell (
yellow | 58 APM | 2077 actions | 36:06)
7 Archmage
2 Summon Water Elemental
3 Brilliance Aura
2 Blizzard
» actions
| Assign group hotkey | 119 | |
| Basic commands | 336 | |
| Build / train | 98 | |
| Enter build submenu | 46 | |
| Enter hero's abilities submenu | 6 | |
| Give item / drop item | 6 | |
| Remove unit from queue | 2 | |
| Right click | 568 | |
| Select / deselect | 440 | |
| Select group hotkey | 346 | |
| Use ability | 110 | |
2077 total
» units
| Peasant | 12 | |
| Footman | 5 | |
| Goblin Shredder | 2 | |
| Dragonhawk Rider | 3 | |
| Gryphon Rider | 7 | |
| Goblin Zeppelin | 1 | |
| Goblin Sapper | 2 | |
32 total
» upgrades
| Lumber Harvesting | 2 | |
| Masonry | 3 | |
| Swords | 3 | |
| Armor | 3 | |
| Animal War Training | 1 | |
| Cloud | 1 | |
| Storm Hammers | 1 | |
14 total
» buildings
| Altar of Kings | 2 | |
| Barracks | 2 | |
| Farm | 11 | |
| Keep | 1 | |
| Arcane Vault | 1 | |
| Lumber Mill | 2 | |
| Town Hall | 2 | |
| Scout Tower | 32 | |
| Guard Tower | 7 | |
| Castle | 1 | |
| Blacksmith | 3 | |
| Arcane Tower | 1 | |
| Gryphon Aviary | 4 | |
69 total
» build order
00:42 Altar of Kings
00:43 Barracks
00:51 Altar of Kings
00:52 Barracks
00:56 Farm
01:05 Farm
01:07 Farm
01:50 Farm
03:24 Keep
03:42 Arcane Vault
04:17 Lumber Mill
05:11 Town Hall
05:17 Scout Tower
05:17 Scout Tower
05:17 Scout Tower
05:18 Scout Tower
05:18 Scout Tower
05:19 Scout Tower
05:19 Scout Tower
05:20 Scout Tower
05:22 Scout Tower
05:23 Scout Tower
05:23 Scout Tower
05:46 Guard Tower
05:48 Guard Tower
06:22 Farm
07:26 Guard Tower
07:33 Castle
08:13 Scout Tower
08:20 Lumber Mill
08:26 Blacksmith
08:27 Blacksmith
08:59 Town Hall
09:01 Scout Tower
09:01 Scout Tower
09:01 Scout Tower
09:02 Scout Tower
09:04 Scout Tower
09:06 Scout Tower
09:07 Scout Tower
09:07 Scout Tower
09:08 Scout Tower
09:08 Scout Tower
09:09 Scout Tower
09:09 Scout Tower
09:09 Scout Tower
09:34 Guard Tower
09:49 Arcane Tower
09:54 Blacksmith
10:48 Guard Tower
12:04 Gryphon Aviary
12:06 Gryphon Aviary
12:09 Gryphon Aviary
12:10 Gryphon Aviary
17:01 Farm
17:42 Farm
17:46 Farm
18:17 Farm
18:57 Farm
21:46 Scout Tower
21:47 Scout Tower
21:47 Scout Tower
21:48 Scout Tower
21:48 Scout Tower
23:25 Guard Tower
23:49 Scout Tower
23:51 Scout Tower
29:08 Guard Tower
» items
| Scroll of Regeneration | 5 | |
| Tome of Retraining | 1 | |
| Potion of Invisibility | 6 | |
| Potion of Lesser Invulnerability | 1 | |
| Periapt of Vitality | 2 | |
| Potion of Healing | 6 | |
| Scroll of Town Portal | 6 | |
| Staff of Teleportation | 1 | |
| Scroll of Healing | 1 | |
| Tiny Great Hall | 1 | |
30 total
team 2 (loser)
NeGro.ManceR) (
red | 77 APM | 1406 actions | 18:12)
3 Death Knight
2 Death Coil
1 Unholy Aura
1 Lich
1 Frost Nova
» actions
| Assign group hotkey | 10 | |
| Basic commands | 1 | |
| Build / train | 71 | |
| Enter build submenu | 22 | |
| Enter hero's abilities submenu | 4 | |
| Give item / drop item | 4 | |
| Remove unit from queue | 1 | |
| Right click | 635 | |
| Select / deselect | 211 | |
| Select group hotkey | 395 | |
| Use ability | 52 | |
1406 total
» units
| Acolyte | 27 | |
| Crypt Fiend | 9 | |
| Ghoul | 4 | |
| Necromancer | 4 | |
44 total
» upgrades
| Creature Attack | 1 | |
| Web | 1 | |
| Necromancer Training | 1 | |
3 total
» buildings
| Graveyard | 1 | |
| Crypt | 1 | |
| Altar of Darkness | 1 | |
| Ziggurat | 12 | |
| Tomb of Relics | 1 | |
| Necropolis | 1 | |
| Halls of the Dead | 1 | |
| Spirit Tower | 3 | |
| Nerubian Tower | 7 | |
| Temple of the Damned | 1 | |
| Black Citadel | 1 | |
| Sacrificial Pit | 1 | |
31 total
» build order
00:14 Graveyard
00:46 Crypt
00:52 Altar of Darkness
00:59 Ziggurat
01:34 Tomb of Relics
02:01 Ziggurat
04:24 Ziggurat
05:01 Necropolis
05:04 Halls of the Dead
06:10 Ziggurat
06:48 Ziggurat
06:51 Ziggurat
07:11 Spirit Tower
07:59 Nerubian Tower
08:02 Nerubian Tower
08:19 Temple of the Damned
09:07 Ziggurat
09:14 Ziggurat
09:29 Black Citadel
09:58 Sacrificial Pit
10:09 Nerubian Tower
10:10 Spirit Tower
10:47 Ziggurat
10:49 Ziggurat
10:51 Ziggurat
13:10 Nerubian Tower
13:11 Spirit Tower
13:16 Nerubian Tower
13:29 Nerubian Tower
13:41 Ziggurat
13:46 Nerubian Tower
» items
| Rod of Necromancy | 2 | |
| Sacrificial Skull | 1 | |
| Potion of Mana | 1 | |
| Orb of Corruption | 1 | |
5 total

»
oholyelmsff (
teal | 52 APM | 1470 actions | 28:19)
3 Archmage
2 Summon Water Elemental
1 Brilliance Aura
2 Mountain King
1 Storm Bolt
1 Bash
2 Paladin
1 Holy Light
1 Divine Shield
» actions
| Assign group hotkey | 46 | |
| Basic commands | 3 | |
| Build / train | 72 | |
| Enter build submenu | 29 | |
| Enter hero's abilities submenu | 7 | |
| Remove unit from queue | 2 | |
| Right click | 665 | |
| Select / deselect | 372 | |
| Select group hotkey | 186 | |
| Use ability | 88 | |
1470 total
» units
| Peasant | 11 | |
| Footman | 3 | |
| Knight | 5 | |
| Sorceress | 2 | |
| Spell Breaker | 10 | |
| Goblin Zeppelin | 1 | |
32 total
» upgrades
| Lumber Harvesting | 2 | |
| Armor | 0 | |
| Plating | 4 | |
| Animal War Training | 1 | |
| Masonry | 3 | |
| Swords | 3 | |
13 total
» buildings
| Farm | 15 | |
| Altar of Kings | 1 | |
| Barracks | 2 | |
| Keep | 1 | |
| Castle | 1 | |
| Blacksmith | 2 | |
| Lumber Mill | 1 | |
| Scout Tower | 1 | |
| Guard Tower | 1 | |
| Arcane Sanctum | 3 | |
| Arcane Vault | 1 | |
29 total
» build order
00:07 Farm
00:15 Altar of Kings
00:21 Farm
00:25 Barracks
01:34 Farm
03:36 Keep
03:54 Farm
04:24 Farm
05:45 Farm
06:03 Castle
06:40 Barracks
06:45 Blacksmith
06:47 Lumber Mill
06:49 Blacksmith
09:43 Farm
09:46 Scout Tower
12:21 Guard Tower
15:49 Arcane Sanctum
15:50 Arcane Sanctum
15:53 Arcane Sanctum
17:30 Farm
17:32 Farm
17:33 Farm
18:29 Arcane Vault
18:58 Farm
19:19 Farm
24:45 Farm
26:23 Farm
26:28 Farm
» items
| Scroll of Regeneration | 7 | |
| Lesser Clarity Potion | 2 | |
| Scroll of Town Portal | 1 | |
10 total

»
vs-chorus-vs (
green | 33 APM | 659 actions | 19:43)
3 Mountain King
1 Storm Bolt
1 Bash
1 Thunder Clap
» actions
| Basic commands | 7 | |
| Build / train | 86 | |
| ESC pressed | 8 | |
| Enter build submenu | 22 | |
| Enter hero's abilities submenu | 3 | |
| Remove unit from queue | 5 | |
| Right click | 249 | |
| Select / deselect | 231 | |
| Use ability | 48 | |
659 total
» units
| Peasant | 24 | |
| Footman | 10 | |
| Dragonhawk Rider | 13 | |
| Spell Breaker | 12 | |
| Priest | 2 | |
61 total
» upgrades
| Swords | 3 | |
| Plating | 1 | |
| Lumber Harvesting | 1 | |
| Magic Sentry | 1 | |
| Armor | 1 | |
| Cloud | 1 | |
8 total
» buildings
| Altar of Kings | 1 | |
| Farm | 6 | |
| Barracks | 1 | |
| Arcane Vault | 3 | |
| Lumber Mill | 1 | |
| Town Hall | 5 | |
| Scout Tower | 1 | |
| Keep | 1 | |
| Blacksmith | 1 | |
| Gryphon Aviary | 1 | |
| Arcane Sanctum | 1 | |
| Guard Tower | 1 | |
| Castle | 1 | |
24 total
» build order
00:08 Altar of Kings
00:14 Farm
00:32 Barracks
00:53 Farm
02:00 Farm
02:40 Farm
02:57 Arcane Vault
03:01 Lumber Mill
04:40 Town Hall
04:52 Scout Tower
05:07 Keep
05:20 Farm
05:42 Blacksmith
07:29 Gryphon Aviary
07:35 Arcane Sanctum
07:52 Guard Tower
08:41 Town Hall
08:47 Arcane Vault
08:52 Arcane Vault
09:29 Farm
12:28 Town Hall
14:20 Castle
17:29 Town Hall
18:39 Town Hall
» items
| Scroll of Regeneration | 1 | |
| Lesser Clarity Potion | 1 | |
2 total
WET-FART.MAD (
orange | 51 APM | 1842 actions | 36:05)
5 Mountain King
3 Storm Bolt
2 Bash
» actions
| Assign group hotkey | 62 | |
| Basic commands | 46 | |
| Build / train | 87 | |
| Enter build submenu | 21 | |
| Enter hero's abilities submenu | 5 | |
| Give item / drop item | 4 | |
| Remove unit from queue | 2 | |
| Right click | 714 | |
| Select / deselect | 225 | |
| Select group hotkey | 575 | |
| Use ability | 101 | |
1842 total
» units
| Peasant | 10 | |
| Gryphon Rider | 3 | |
| Goblin Shredder | 3 | |
| Goblin Sapper | 4 | |
20 total
» upgrades
| Masonry | 3 | |
| Lumber Harvesting | 2 | |
| Swords | 2 | |
| Armor | 2 | |
| Animal War Training | 1 | |
10 total
» buildings
| Altar of Kings | 1 | |
| Farm | 11 | |
| Keep | 3 | |
| Arcane Vault | 2 | |
| Lumber Mill | 1 | |
| Blacksmith | 1 | |
| Scout Tower | 49 | |
| Arcane Tower | 1 | |
| Castle | 2 | |
| Gryphon Aviary | 3 | |
| Barracks | 1 | |
| Guard Tower | 31 | |
| Town Hall | 1 | |
107 total
» build order
00:17 Altar of Kings
00:21 Farm
01:12 Farm
01:52 Farm
02:35 Keep
02:35 Keep
02:35 Keep
02:40 Arcane Vault
03:17 Lumber Mill
03:43 Blacksmith
04:21 Scout Tower
04:33 Arcane Vault
04:48 Arcane Tower
04:52 Farm
04:52 Farm
04:53 Farm
05:23 Castle
05:23 Castle
05:28 Gryphon Aviary
05:32 Gryphon Aviary
05:41 Gryphon Aviary
05:47 Farm
05:48 Farm
05:48 Farm
05:49 Farm
07:01 Barracks
12:07 Scout Tower
12:07 Scout Tower
12:08 Scout Tower
12:08 Scout Tower
12:09 Scout Tower
12:09 Scout Tower
12:10 Scout Tower
12:11 Scout Tower
12:11 Scout Tower
12:11 Scout Tower
13:05 Guard Tower
13:05 Guard Tower
13:12 Guard Tower
13:16 Guard Tower
13:17 Guard Tower
13:19 Scout Tower
13:19 Scout Tower
13:19 Scout Tower
13:20 Scout Tower
13:21 Scout Tower
13:21 Scout Tower
13:22 Scout Tower
13:23 Scout Tower
13:23 Scout Tower
13:26 Scout Tower
13:26 Scout Tower
13:28 Scout Tower
13:58 Guard Tower
13:59 Guard Tower
14:16 Guard Tower
16:04 Guard Tower
16:09 Scout Tower
16:09 Scout Tower
16:10 Scout Tower
16:10 Scout Tower
16:11 Scout Tower
16:11 Scout Tower
16:12 Scout Tower
16:13 Scout Tower
16:13 Scout Tower
16:14 Scout Tower
16:14 Scout Tower
16:15 Scout Tower
16:16 Scout Tower
16:17 Scout Tower
16:18 Scout Tower
16:19 Scout Tower
16:20 Scout Tower
16:50 Guard Tower
16:50 Guard Tower
17:09 Guard Tower
17:19 Guard Tower
17:19 Guard Tower
17:19 Guard Tower
17:41 Guard Tower
17:44 Guard Tower
18:17 Guard Tower
18:17 Guard Tower
19:02 Guard Tower
19:58 Town Hall
20:00 Scout Tower
20:00 Scout Tower
20:01 Scout Tower
20:01 Scout Tower
20:01 Scout Tower
20:02 Scout Tower
20:03 Scout Tower
20:03 Scout Tower
20:40 Guard Tower
21:15 Guard Tower
22:43 Guard Tower
22:44 Guard Tower
29:54 Farm
» items
| Staff of Teleportation | 1 | |
| Potion of Lesser Invulnerability | 1 | |
| Scroll of Regeneration | 3 | |
| Lesser Clarity Potion | 2 | |
| Scroll of Town Portal | 1 | |
| Staff of Sanctuary | 1 | |
9 total
Chat log
(00:07 / All) WET-FART.MAD: WET FART MAD
(00:30 / All) FatJakeCampbell: giggling like a little school girl
(00:33 / All) WET-FART.MAD: you called me a nerd
(00:35 / All) WET-FART.MAD: wet fart
(00:37 / All) WET-FART.MAD: u going down
(00:43 / All) Wet.Fart: get a life maybe?
(00:49 / All) JacobIsObese: What do you have against pink?
(00:51 / All) JacobIsObese: He seems a decent guy
(00:53 / All) WET-FART.MAD: shut up mang
(01:01 / All) Wet.Fart: i don't even remember playing that idiot
(01:03 / All) JacobIsObese: He has a gay name though
(01:06 / All) WET-FART.MAD: i graduate from high school with a 2.5 gpa
(01:09 / All) JacobIsObese: ne always have gay names
(01:26 / All) FatJakeCampbell: selfihs players that want to win piss me off
(01:28 / Allies) JacobIsObese: Gay colour for gay named player!
(01:34 / All) FatJakeCampbell: says a lot about their personality
(01:37 / All) WET-FART.MAD: i aint a nerd either or a noob, i used to have a 150 win icon, clear proof im a competent player
(01:40 / All) FatJakeCampbell: about their character
(02:07 / Allies) FatJakeCampbell: gold?
(02:27 / All) WET-FART.MAD: and im a legend on this server, i got the leader of clan lux, 3k wins 200 losses, banned, i am revered by all
(02:38 / All) Wet.Fart: like i said, get a life
(02:45 / All) FatJakeCampbell: how';d you get him banned
(02:48 / All) NeGro.ManceR): stfu pink
(02:49 / All) WET-FART.MAD: takes one to know one
(02:50 / All) NeGro.ManceR): ur mine
(02:51 / Allies) FatJakeCampbell: Pink some gold?
(02:59 / All) FatJakeCampbell: Nice name red
(03:03 / All) WET-FART.MAD: red go tmy back u going down pink
(03:04 / All) FatJakeCampbell: I dabble in the dark arts myself
(03:10 / All) FatJakeCampbell: nigromancy is my trade
(03:19 / All) NeGro.ManceR): ty yeller :)
(03:52 / All) FatJakeCampbell: On my interests for facebook I list nigromancy
(03:56 / All) FatJakeCampbell: activities
(05:14 / All) WET-FART.MAD: the force is strong in this game, i sense competentplayers
(06:06 / Allies) FatJakeCampbell: belle you harassing level 1 20 minutes into the game?
(06:08 / Allies) FatJakeCampbell: Bravo
(06:22 / All) JacobIsObese: What ab east
(06:49 / All) WET-FART.MAD: pink where u at dawg, be a man and tellme
(11:28 / All) WET-FART.MAD: my micro is pro im raping these creeps
(11:38 / All) FatJakeCampbell: I shoulda got tp staff
(12:53 / Allies) belle1019: yellow took all the gold mine
(12:55 / Allies) belle1019: i have no mine
(13:07 / Allies) JacobIsObese: I'll give you 1k gold for 1k wood
(13:08 / Allies) FatJakeCampbell: so what
(13:20 / Allies) JacobIsObese: sound fair blue?
(13:20 / Allies) belle1019: so what?
(13:22 / Allies) belle1019: you asshole
(13:25 / Allies) JacobIsObese: good trade if you ask me
(13:34 / Allies) FatJakeCampbell: you got 1k
(13:40 / Allies) FatJakeCampbell: you ain't hurting for gold honey
(13:47 / Allies) JacobIsObese: I need wood
(13:53 / All) WET-FART.MAD: green sure is pro with cloud
(14:53 / All) WET-FART.MAD: fall back red
(14:55 / All) WET-FART.MAD: t
(15:01 / All) FatJakeCampbell: SALLY FORTH
(15:59 / All) WET-FART.MAD: u mad i got ur expo wet fart
(16:18 / All) FatJakeCampbell: I broguht reinforcements
(16:31 / All) FatJakeCampbell: I think blue tried to kill my am tho
(16:44 / All) FatJakeCampbell: aye
(16:46 / All) FatJakeCampbell: blue is bsing
(18:14 / All) WET-FART.MAD: red just said "fuck u guys man"
(18:34 / All) FatJakeCampbell: He got his nick from me somehow
(18:38 / All) FatJakeCampbell: guaranteed
(18:51 / Allies) JacobIsObese: god damn masonry
(19:20 / Allies) JacobIsObese: sick tp
(19:37 / Allies) Wet.Fart: nice
(20:16 / All) WET-FART.MAD: protect this expansion at all costs teal
(22:31 / All) FatJakeCampbell: not a good idea to try to tk me blue :)
(23:14 / All) FatJakeCampbell: nice stomp bud
(23:22 / All) FatJakeCampbell: 'Fraid it doesn't work very well on your allies
(23:23 / All) belle1019: you bitch
(23:26 / All) belle1019: you did nothing
(23:30 / All) FatJakeCampbell: Heh
(23:31 / All) JacobIsObese: Hello again, pink
(23:33 / All) JacobIsObese: It was we three again
(23:41 / Allies) JacobIsObese: sup
(23:42 / All) FatJakeCampbell: I destroyed red's economy
(23:44 / All) JacobIsObese: http://highper.ch/index.phptkers%20always%20have%20stupid%20names
(23:47 / All) JacobIsObese: We raped you last game
(23:49 / All) JacobIsObese: We raped you again
(23:51 / All) belle1019: nice
(23:55 / All) FatJakeCampbell: Blue you were doomed from the start
(23:56 / All) FatJakeCampbell: but
(23:58 / All) WET-FART.MAD: BLUE
(24:01 / All) Wet.Fart: like i said, get a life
(24:01 / All) FatJakeCampbell: tking me isn't a good idea anyway
(24:02 / All) belle1019: you did anal to your mom
(24:13 / All) FatJakeCampbell: NAh
(24:17 / All) FatJakeCampbell: 'Fraid you didn't
(24:32 / All) FatJakeCampbell: That takes a cock
(25:03 / All) FatJakeCampbell: You're a sleezy motherfucker blue
(25:09 / All) WET-FART.MAD: LOLZ
(25:13 / Allies) JacobIsObese: 3 units putting in work
(25:33 / All) WET-FART.MAD: leave pink you are not wanted in this game
(25:59 / All) FatJakeCampbell: dagnabbit
(26:04 / All) FatJakeCampbell: he killed one of my gryphons!
(26:58 / All) WET-FART.MAD: does teal have a death sentence gentlemen?
(27:18 / All) FatJakeCampbell: belle1019 0 food
(27:30 / All) JacobIsObese: You left a peon earlier. I had to kill it
(27:41 / All) FatJakeCampbell: I thank thee
(28:22 / All) FatJakeCampbell: lawl
(28:27 / All) FatJakeCampbell: I was gonna put a peon in a sheddar
(28:31 / All) FatJakeCampbell: and kill his peon
(28:37 / All) WET-FART.MAD: I GIVE MR CRYPTLORD AN AURA ITEM MR PURPLE
(29:04 / All) JacobIsObese: Good work
(29:15 / All) WET-FART.MAD: SO PINK CLAIMS WE HAVE NO LIFE
(29:18 / All) WET-FART.MAD: AND HE IS STILL HERE
(29:19 / All) WET-FART.MAD: LOLZ
(29:30 / All) JacobIsObese: He is desperate for the win
(30:17 / All) WET-FART.MAD: CMON PINK AND BLUE I GOT BED
(30:29 / All) JacobIsObese: I can unsummon at moment's notice
(30:32 / All) JacobIsObese: getting 100% tech first
(30:59 / All) WET-FART.MAD: TEAL build on perch by pinks old base
(31:35 / All) FatJakeCampbell: no he didn't
(31:36 / All) WET-FART.MAD: u cant touch Gar
(31:39 / All) WET-FART.MAD: doomforge
(31:53 / All) WET-FART.MAD: oh u can
(31:59 / All) WET-FART.MAD: help me
(32:01 / All) WET-FART.MAD: help gar
(32:02 / All) FatJakeCampbell: you built there
(32:16 / All) WET-FART.MAD: he left the peasant there i just simply built there
(32:19 / All) JacobIsObese: gär is Swedish for deeds, your hero has a terrible name
(32:25 / All) FatJakeCampbell: Aye
(32:29 / All) WET-FART.MAD: he did the architecture design, i did the handiwork
(33:06 / All) FatJakeCampbell: he was hiding farms everywhere or something?
(33:22 / All) WET-FART.MAD: he was chilling in my base while moving zepplins around ur side
(33:56 / All) WET-FART.MAD: wtf im a pro surrounder
(34:09 / All) JacobIsObese: lol
(34:10 / All) FatJakeCampbell: I'm a pro escaper
(34:42 / All) JacobIsObese: Forgot about those
(35:06 / All) FatJakeCampbell: Did red say anything about me lawl?|
(35:10 / All) FatJakeCampbell: I killed like 30 of his acos
(35:15 / All) FatJakeCampbell: with level 2 blizzard
(35:18 / All) WET-FART.MAD: no he was just paranoid
(35:33 / All) FatJakeCampbell: Up your side
(35:58 / All) FatJakeCampbell: Blue tried to TK my hero lawl
(36:00 / All) FatJakeCampbell: what a bithc